Map: Bridgehead LE (Void)

Players

SticklerMac

  • Race: Zerg Zerg
  • League: Silver

DrZaias - Winner!

  • Race: Terran Terran
  • League: Gold

VOD

Have the link to the VOD?

Description

Time

  • Played on: Aug. 30, 2015, 7:31 p.m.
  • Length: 15:40
Show
View Real Time Build Order
Export as new Build Order

SticklerMac Zerg 

Build Orders: Hatch First, Zergling Baneling 

Get SALT Encoding   

  12  0:01  Drone  
  13  0:09  Drone  
  14  0:21  Overlord  
  14  0:41  Drone x3  
  17  0:57  Hatchery, Drone  
  17  1:03  Drone  
  18  1:06  Extractor  
  17  1:14  Drone  
  18  1:21  Spawning Pool  
  17  1:27  Drone  
  18  1:42  Drone  
  19  1:53  Drone  
  20  1:59  Drone  
  21  2:08  Overlord  
  21  2:10  Queen x2  
  21  2:11  Metabolic Boost  
  21  2:13  Drone  
  26  2:19  Drone  
  26  2:20  Drone  
  27  2:32  Zergling x4  
  29  2:38  Baneling Nest  
  29  2:40  Drone  
  29  2:46  Overlord  
  29  2:52  Zergling x2  
  30  3:00  Overlord  
  30  3:07  Zergling x4  
  30  3:12  Zergling x2  
  33  3:14  Zergling x2  
  34  3:21  Zergling x8  
  34  3:26  Zergling x4  
  40  3:34  Zergling x2  
  40  3:37  Zergling x2  
  42  3:42  Baneling x6  
  42  3:44  Zergling x2  
  42  3:48  Baneling x2  
  43  3:50  Zergling x2  
  43  3:53  Overlord x3  
  44  3:59  Baneling  
  44  4:00  Baneling  
  44  4:15  Zergling x10  
  48  4:23  Zergling x2  
  49  4:25  Zergling x8  
  53  4:34  Zergling x2  
  53  4:36  Zergling x2  
  55  4:41  Zergling x2  
  55  4:44  Zergling x2  
  52  4:52  Zergling x2  
  53  4:56  Zergling x8  
  53  4:57  Zergling x2  
  58  5:04  Zergling x2  
  58  5:13  Baneling x7  
  58  5:14  Baneling, Zergling x4  
  59  5:24  Zergling x2  
  59  5:25  Zergling x10  
  55  5:42  Zergling x2  
  40  5:43  Zergling x4  
  40  5:53  Zergling x2  
  40  5:54  Zergling x2  
  41  5:59  Zergling x8  
  41  6:02  Zergling x2  
  44  6:04  Baneling x4  
  44  6:05  Zergling x2, Baneling  
  45  6:17  Zergling x4  
  40  6:28  Zergling x10  
  42  6:38  Zergling x4  
  43  6:40  Hatchery, Zergling x2  
  43  6:47  Zergling x2  
  43  6:49  Zergling x2  
  45  6:58  Zergling x2  
  46  7:03  Drone, Zergling x8  
  51  7:11  Zergling x2  
  52  7:19  Zergling x4  
  54  7:25  Zergling x2  
  55  7:34  Zergling x4  
  55  7:35  Zergling x6  
  60  7:41  Zergling x2  
  60  7:43  Zergling x2  
  62  7:47  Zergling x2  
  63  7:52  Queen  
  64  8:00  Zergling x6  
  67  8:12  Baneling x5  
  65  8:13  Baneling x5  
  65  8:17  Baneling x4  
  65  8:18  Baneling, Zergling x6  
  68  8:25  Zergling x4  
  66  8:38  Zergling x10  
  37  8:50  Zergling x6  
  37  8:52  Zergling x2  
  41  9:01  Zergling x4  
  42  9:16  Zergling x6  
  45  9:20  Drone  
  45  9:36  Zergling x6  
  48  9:42  Zergling x4  
  50  9:50  Drone  
  51  9:58  Drone  
  52  10:03  Drone  
  52  10:05  Drone  
  54  10:14  Zergling x6  
  56  10:24  Zergling x6  
  59  10:29  Drone  
  59  10:30  Drone  
  59  10:31  Drone  
  59  10:34  Drone  
  63  10:37  Drone  
  63  10:40  Drone  
  62  10:53  Zergling x10  
  64  11:13  Zergling x10  
  69  11:20  Zergling x8  
  69  11:22  Drone  
  69  11:23  Overlord  
  73  11:35  Zergling x2  
  73  11:36  Overlord x3  
  74  11:43  Zergling x4  
  74  11:44  Zergling x2  
  76  11:48  Zergling x2  
  76  11:51  Zergling x4  
  76  11:53  Zergling x2  
  80  11:57  Zergling x2  
  80  11:58  Zergling x2  
  80  11:59  Zergling x2  
  83  12:21  Zergling x18  
  91  12:35  Queen  
  90  12:46  Zergling x6  
  90  12:47  Zergling x12  
  82  13:00  Baneling  
  82  13:01  Baneling x7  
  82  13:02  Baneling x2  
  82  13:03  Baneling x3  
  82  13:04  Baneling  
  82  13:05  Zergling x2  
  36  13:21  Zergling x2  
  36  13:22  Zergling x10  
  35  13:34  Zergling x2  
  35  13:36  Zergling x4  
  35  13:37  Zergling x2  
  35  13:38  Zergling x2  
  34  13:44  Zergling x2  
  34  13:56  Baneling  
  34  13:57  Baneling  
  34  14:06  Zergling x4  
  36  14:15  Baneling x3  
  36  14:16  Baneling x2  
  36  14:17  Baneling  
  36  14:18  Baneling  
  36  14:20  Baneling  
  31  14:48  Zergling x12  
  33  15:07  Overlord  
  33  15:08  Overlord  
Show
View Real Time Build Order
Export as new Build Order

DrZaias Terran - Winner!

Build Orders:  

Get SALT Encoding   

  12  0:01  SCV  
  13  0:15  Supply Depot  
  13  0:17  SCV  
  14  0:30  SCV  
  15  0:37  Barracks  
  15  0:42  SCV  
  16  0:51  Refinery  
  16  0:54  SCV  
  17  1:07  SCV  
  18  1:19  SCV  
  19  1:26  Supply Depot  
  19  1:29  Marine  
  19  1:31  SCV  
  21  1:43  SCV  
  22  1:47  Marine  
  23  1:55  Command Center  
  23  2:05  Factory  
  23  2:11  Barracks Reactor  
  23  2:23  Orbital Command  
  23  2:32  Refinery  
  23  2:59  SCV  
  24  3:07  Barracks Tech Lab, Barracks  
  24  3:09  Barracks  
  24  3:12  SCV  
  25  3:13  SCV  
  25  3:17  Hellion  
  25  3:19  Supply Depot  
  28  3:23  Hellion  
  30  3:35  SCV x2  
  30  3:39  Hellion  
  34  3:49  Hellion  
  34  3:51  SCV x2  
  38  4:03  SCV x2  
  40  4:19  Barracks Reactor, Barracks Tech Lab  
  40  4:21  SCV x2  
  42  4:33  Supply Depot, SCV x2, Marine x2  
  42  4:34  Siege Tank  
  42  4:36  Supply Depot  
  48  4:45  SCV x2  
  45  4:55  Marine x2  
  47  5:00  Bunker  
  47  5:01  SCV  
  47  5:02  SCV  
  47  5:04  Marine x2  
  47  5:06  Siege Tank  
  52  5:15  Starport  
  52  5:32  Marauder, Marine x2  
  49  6:05  Siege Tank  
  49  6:06  Marine x2  
  54  6:11  Barracks Tech Lab  
  54  6:19  Barracks  
  54  6:20  Supply Depot  
  54  6:23  Supply Depot  
  54  6:25  Supply Depot  
  54  6:41  Medivac  
  54  6:42  Siege Tank  
  54  6:45  SCV, Supply Depot  
  54  6:46  SCV  
  61  6:56  Supply Depot  
  61  6:57  SCV  
  62  7:02  Marauder, Marine  
  62  7:04  Stimpack  
  62  7:05  Marine  
  66  7:10  Barracks  
  66  7:13  Barracks  
  66  7:14  Siege Tank  
  69  7:15  Barracks  
  69  7:16  Refinery  
  69  7:17  Refinery  
  69  7:37  Starport Reactor  
  69  7:38  Marine x2  
  71  8:16  Siege Tank  
  71  8:17  Barracks Tech Lab  
  71  8:18  Barracks Reactor, Marine  
  75  8:20  Marine x3  
  78  8:35  Marine  
  74  9:32  Supply Depot  
  74  9:36  Supply Depot  
  74  9:39  Barracks Reactor  
  74  9:46  Marine x2  
  74  9:47  Hellion, Marauder x2  
  74  9:48  Supply Depot x2  
  74  9:50  Supply Depot x2  
  74  9:52  Supply Depot  
  82  9:53  Supply Depot x2  
  82  9:55  Supply Depot  
  82  10:08  Hellion  
  84  10:26  Marine x3  
  84  10:27  Marine x2  
  93  10:28  Marine, Marauder x2  
  93  10:30  Combat Shields  
  93  10:31  Concussive Shells  
  93  10:33  Medivac x2  
  98  10:35  Siege Tank  
  101  10:44  Marine  
  102  10:57  Marine x5  
  102  10:58  Marine x2  
  102  11:02  Marine  
  110  11:07  Siege Tank  
  113  11:15  Marine x5  
  118  11:22  Marine x2  
  118  11:23  Marine  
  121  11:32  Marine  
  125  11:40  Siege Tank  
  125  11:43  Marine x3  
  125  11:44  Marine x2  
  125  11:45  Marauder  
  125  11:46  Marauder  
  134  11:50  Marine  
  134  11:51  Engineering Bay  
  134  11:52  Engineering Bay  
  135  11:58  Medivac x2  
  139  12:01  Marine x3  
  139  12:07  Marauder x2  
  108  13:29  Marauder x2, Marine x3  
  108  13:30  Marine x3  
  108  13:31  Siege Tank  
  108  13:33  Medivac x2  
  122  13:47  Marine x2  
  124  13:51  Marauder x2  
  128  14:02  Command Center  
  128  14:03  Siege Tank  
  128  14:08  Marine x5  
  128  14:09  Marine  
  137  14:12  Marauder x2  
  141  14:26  Marine x2  
  141  14:27  Marine x2  
  141  14:28  Marine x2  
  141  14:30  Medivac x2  
  151  14:33  Marauder x2  
  155  14:44  Marine x2  
  155  14:45  Marine x2  
  156  14:55  Marauder x2  
  160  15:07  Marine x6  
  166  15:16  Marauder, Marine  
  166  15:18  Supply Depot  
  166  15:20  Supply Depot x2  
  176  15:21  Supply Depot  
Tags
 
Add a new tag
Caveats
  • Supply blocks, unpowered buildings, or Contaminate may cause inaccurate times.
  • Supply counts are checked every 10 seconds.